 Dungeon Crawl Stone Soup version 0.31.0-10-gcf4a605ca0 (webtiles) character file.

Game seed: 12886314311574023425

36413 Mamutox the Unseen (level 13, -1/65 HPs)
             Began as a Spriggan Enchanter on Jan 23, 2024.
             Was the Champion of Jiyva.
             Slain by a five-headed hydra (14 damage)
             ... on level 5 of the Lair of Beasts on Jan 25, 2024.
             The game lasted 01:08:43 (10159 turns).

Mamutox the Unseen (Spriggan Enchanter)            Turns: 10159, Time: 01:08:43

Health: -1/65      AC:  8    Str:  4    XL:     13   Next: 52%
Magic:  29/29      EV: 22    Int: 20    God:    Jiyva [******]
Gold:   393        SH:  0    Dex: 17    Spells: 24/35 levels left

rFire   + . .        f - +2 dagger (venom)
rCold   . . .        (no shield)
rNeg    . . .        z - +2 acid dragon scales
rPois   +            (helmet restricted)
rElec   .            j - +1 cloak {rCorr}
rCorr   +            (gloves unavailable)
SInv    +            (boots unavailable)
Will    ++...        (no amulet)
Stlth   +++++++      i - ring of poison resistance
HPRegen 1.90/turn    s - ring of protection from fire
MPRegen 1.01/turn

%: no passive effects
@: very quick
A: very small, no large weapons, unfitting armour, see invisible, speed 3, sense
surroundings 2, shaggy fur 1, wild magic 1, pseudopods 1, translucent skin 3,
jelly sensing items, MP-powered wands
a: Renounce Religion, Oozemancy, Slimify


You were on level 5 of the Lair of Beasts.
You worshipped Jiyva.
Jiyva was exalted by your worship.
You visited 2 branches of the dungeon, and saw 13 of its levels.

You collected 393 gold pieces.

Inventory:

Hand Weapons
 f - a +2 dagger of venom (weapon)
 l - a +1 quick blade
 q - a +4 dagger of chaos
 u - a +4 short sword of protection
Missiles
 h - 66 stones (quivered)
 x - 8 poisoned darts
 y - 2 throwing nets
Armour
 j - a +1 cloak of preservation (worn)
 p - a +2 cloak
 z - +2 acid dragon scales (worn)
 B - an orb of energy
 G - a +2 robe
 K - a scarf of repulsion
Jewellery
 i - a ring of poison resistance (left hand)
 s - a ring of protection from fire (right hand)
 F - a +6 ring of intelligence
 L - an amulet of faith
Wands
 n - a wand of quicksilver (19)
 o - a wand of roots (15)
 v - a wand of charming (21)
Scrolls
 a - 2 scrolls of blinking {unknown}
 e - 2 scrolls of vulnerability
 A - 2 scrolls of fear {unknown}
 C - a scroll of amnesia {unknown}
 D - a scroll of revelation {unknown}
 E - 3 scrolls of identify
 H - a scroll of enchant armour {unknown}
 J - a scroll of enchant weapon
Potions
 b - a potion of might
 c - 2 potions of invisibility
 d - 3 potions of curing {unknown}
 g - a potion of resistance {unknown}
 k - 3 potions of heal wounds
 m - 3 potions of lignification
 r - 3 potions of brilliance
 t - 3 potions of attraction {unknown}
 w - a potion of haste {unknown}
 I - a potion of cancellation {unknown}


   Skills:
 - Level 6.0 Fighting
 + Level 11.1 Short Blades
 + Level 13.3 Dodging
 + Level 15.9 Stealth
 + Level 11.9 Spellcasting
 + Level 12.1 Hexes
 + Level 5.6 Evocations


You had 24 spell levels left.
You knew the following spells:

 Your Spells              Type           Power      Damage    Failure   Level
a - Ensorcelled Hibernat  Hex/Ice        94%        N/A       3%          2
b - Dazzling Flash        Conj/Hex       94%        N/A       6%          3
c - Confusing Touch       Hex            68%        N/A       1%          3
d - Tukima's Dance        Hex            68%        N/A       1%          3

Your spell library contained the following spells:

 Spells                   Type           Power      Damage    Failure   Level
 Shock                    Conj/Air       60%        1d6       21%         1
 Static Discharge         Conj/Air       30%        3-5/arc   30%         2
 Gell's Gravitas          Tloc           15%        N/A       47%         3
 Swiftness                Air            15%        N/A       47%         3
 Teleport Other           Tloc           15%        N/A       47%         3
 Airstrike                Air            7%         2d(2-18)  86%         4
 Summon Lightning Spire   Summ/Air       15%        N/A       86%         4
 Dispersal                Tloc           7%         N/A       100%        6


Dungeon Overview and Level Annotations

Branches:
Dungeon (8/15)             Temple (0/1) D:7            Lair (5/5) D:8
 Shoals (0/4) Lair:2       Spider (0/4) Lair:3        Slime (0/5) Lair:5

Altars:
Ashenzari
Dithmenos
Qazlal
Sif Muna
Xom
Jiyva

Shops:
D:4 *

Portals:
Ice
Cave: Lair:5

Annotations:
Lair:5 exclusion: 2 oklob plants


Innate Abilities, Weirdness & Mutations

You are very small and have problems with some larger weapons.
You are too small for most types of armour.
You have supernaturally acute eyesight. (SInv)
You cover ground extremely quickly. (Speed+++)
You passively map the area around you.
You are covered in fur. (AC +1)
Your spells are a little harder to cast, but a little more powerful.
Armour fits poorly on your pseudopods.
Your transparent skin significantly reduces your foes' accuracy. (Stealth+)
You have a small jelly attached to you that senses nearby items.
You expend magic power (3 MP) to strengthen your wands.


Message History

You bludgeon the white imp, but do no damage.
The white imp is moderately wounded.
The white imp gestures at you. The puff of frost hits you.
You hit the white imp.
The white imp looks as sick as possible!
You bludgeon the white imp, but do no damage.
The white imp is heavily wounded.
You kill the white imp!
You hit the fungus.
The fungus begins to die.
You bludgeon the fungus.
The fungus is lightly damaged.
A five-headed hydra comes into view.
A nearby fungus withers and dies.
The five-headed hydra closely misses you.
The five-headed hydra misses you.
The five-headed hydra closely misses you.
The five-headed hydra misses you.
The five-headed hydra completely misses you.
You barely miss the five-headed hydra.
You bludgeon the five-headed hydra, but do no damage.
The white imp gestures at you. The puff of frost hits you!
The five-headed hydra bites you. The five-headed hydra bites you!
The five-headed hydra completely misses you.
The five-headed hydra bites you.
The five-headed hydra completely misses you.
A four-headed hydra comes into view.
The white imp closely misses you.
You closely miss the white imp.
The white imp is moderately wounded.
The white imp gestures at you. The puff of frost hits you.
The five-headed hydra bites you! x3
* * * LOW HITPOINT WARNING * * *
The five-headed hydra bites you but does no damage.
The five-headed hydra completely misses you.
The five-headed hydra attacks as it pursues you!
The five-headed hydra bites you!
* * * LOW HITPOINT WARNING * * *
The five-headed hydra bites you!
You die...

#.......................
**
........................
,
........................
, ...#.#.#.............#
, , *
....#.#####.........#*
,, ....#.P.####...5....#
#........###.......## *
#.........#.....D..# ~ ,
#.Y......##.....@.## ~
...#......##.....## ***
~ * ....##....#.....##
~~ ~~ * ,
#...##....P.....#* ~ , *
#...##.#........# ~ *
...............##* * ,
...............# ~ ,*
...............# , * ~
.........#.....# * ,


You could see a five-headed hydra and a white imp.

Vanquished Creatures
  2 hydras
  Erica (D:8)
  A death yak (Lair:4)
  A skyshark (Lair:1)
  An oklob plant (Lair:5)
  Maurice (D:7)
  5 elephants (Lair:4)
  Joseph (D:8)
  A torpor snail (Lair:2)
  10 black mambas
  8 cane toads
  A rime drake (Lair:4)
  5 komodo dragons
  Psyche (D:8)
  3 dream sheep (Lair:2)
  18 blink frogs
  2 jumping spiders (Lair:3)
  3 wyverns
  30 yaks
  4 basilisks
  Grum (D:8)
  2 redbacks (Lair:3)
  2 steam dragons
  Menkaure (D:7)
  14 water moccasins
  5 hell hounds (Lair:5)
  2 black bears
  4 ogres
  A hornet zombie (D:5)
  2 centaurs (D:8)
  12 wolves
  A phantom (D:6)
  A kobold brigand (D:7)
  The ghost of
  112233 the Sneak, an amateur FeDe (D:5)
  16 bullfrogs
  4 scorpions
  A water moccasin zombie (D:5)
  9 howler monkeys
  2 electric eels
  A lava snake (Lair:5)
  A centaur zombie (D:5)
  An orc priest (D:5)
  A hound (D:5)
  A sleepcap (D:8)
  Terence (D:2)
  3 orc wizards
  Robin (D:2)
  6 gnolls
  6 adders
  7 white imps
  2 ribbon worms
  A dart slug (D:3)
  18 orcs
  2 giant cockroaches (D:1)
  12 goblins
  5 hobgoblins
  2 jackals (D:3)
  3 quokkas
  5 ball pythons
  3 bats
  8 kobolds
  4 rats
  A butterfly (D:7)
275 creatures vanquished.

Vanquished Creatures (collateral kills)
  Harold (Lair:2)
  2 death yaks (Lair:4)
  A skyshark (Lair:5)
  Pikel (D:5)
  5 elephants (Lair:4)
  2 rime drakes (Lair:5)
  Maggie (D:7)
  Jeremiah (D:8)
  A polar bear (Lair:2)
  4 blink frogs (Lair:2)
  2 yaks (Lair:1)
  3 water moccasins
  A black bear (D:5)
  2 lemures (D:5)
  2 electric eels (D:6)
  An orc priest (D:5)
  2 gnoll boudas (D:8)
  6 gnolls (D:8)
  3 white imps (Lair:5)
41 creatures vanquished.

Vanquished Creatures (others)
  A steam dragon (D:8)
  A dancing weapon (D:5)
  4 water moccasins
  A kobold brigand (D:8)
  25 jellies
  A howler monkey (D:7)
  A bombardier beetle (D:5)
  2 orc priests (D:3)
  An iguana (D:4)
  3 gnolls (D:8)
  An adder (D:6)
  3 shadow imps
  2 white imps (Lair:5)
  3 ball pythons (D:2)
  4 endoplasms
  A giant cockroach (D:3)
  A goblin (D:2)
  4 kobolds
59 creatures vanquished.

Grand Total: 375 creatures vanquished

Notes
Turn   | Place    | Note
-------+----------+-------------------------------------------
     0 | D:1      | Mamutox the Spriggan Enchanter began the quest for the Orb.
     0 | D:1      | Reached XP level 1. HP: 9/9 MP: 5/5
    23 | D:1      | Found a faded altar of an unknown god.
    30 | D:1      | Prayed at the altar of an unknown god.
    30 | D:1      | Became a worshipper of Jiyva Jarav the Shapeless
    30 | D:1      | Reached * piety under Jiyva
   343 | D:1      | Reached XP level 2. HP: 13/13 MP: 6/6
   493 | D:2      | Noticed Robin
   514 | D:2      | Reached ** piety under Jiyva
   680 | D:2      | Noticed Terence
   810 | D:2      | You fall into a shaft and drop 2 floors!
  1032 | D:4      | Reached skill level 5 in Stealth
  1037 | D:4      | Learned a level 2 spell: Ensorcelled Hibernation
  1042 | D:4      | Noticed a bullfrog
  1055 | D:4      | Noticed a scorpion
  1242 | D:4      | Killed a bullfrog
  1243 | D:4      | Reached XP level 3. HP: 16/16 MP: 8/8
  1243 | D:4      | Reached XP level 4. HP: 21/21 MP: 9/9
  1329 | D:4      | Reached *** piety under Jiyva
  1470 | D:4      | Gained mutation: Your body has grown eyes which may confuse
                  | attackers. (Acc +3) [Jiyva's grace]
  1470 | D:4      | Gained mutation: Your body has grown many eyes which may
                  | confuse attackers. (Acc +5) [Jiyva's grace]
  1470 | D:4      | Gained mutation: Your body is covered in eyes which may
                  | confuse attackers. (Acc +7, SInv) [Jiyva's grace]
  1470 | D:4      | Gained mutation: Your melee attacks may engulf your foes in
                  | ooze. [Jiyva's grace]
  1605 | D:4      | Killed a scorpion
  1606 | D:4      | Reached skill level 6 in Stealth
  1606 | D:4      | Reached XP level 5. HP: 24/24 MP: 10/10
  1620 | D:4      | Found Roxa's Assorted Antiques.
  1737 | D:3      | Found a transporter.
  1799 | D:3      | Found a transporter.
  1832 | D:3      | Reached **** piety under Jiyva
  2238 | D:3      | Reached ***** piety under Jiyva
  2271 | D:3      | Found a shimmering altar of Xom.
  2613 | D:2      | Killed Terence
  2774 | D:2      | Reached XP level 6. HP: 28/28 MP: 12/12
  2791 | D:2      | Killed Robin
  2970 | D:5      | Entered Level 5 of the Dungeon
  3040 | D:5      | Reached skill level 5 in Dodging
  3055 | D:5      | Reached skill level 1 in Fighting
  3070 | D:5      | Noticed Pikel
  3085 | D:5      | HP: 1/30 [Pikel/+1 whip of electrocution (17)]
  3091 | D:5      | Killed Pikel
  3092 | D:5      | Reached skill level 7 in Stealth
  3092 | D:5      | Reached skill level 5 in Hexes
  3092 | D:5      | Reached XP level 7. HP: 8/35 MP: 13/15
  3167 | D:5      | Reached XP level 8. HP: 39/39 MP: 14/16
  3171 | D:5      | Learned a level 3 spell: Dazzling Flash
  3175 | D:5      | Learned a level 3 spell: Confusing Touch
  3179 | D:5      | Learned a level 3 spell: Tukima's Dance
  3196 | D:5      | Reached skill level 5 in Spellcasting
  3307 | D:5      | Lost mutation: Your body is covered in eyes which may
                  | confuse attackers. (Acc +7, SInv) [Jiyva's grace]
  3307 | D:5      | Gained mutation: Armour fits poorly on your pseudopods.
                  | [Jiyva's grace]
  3307 | D:5      | Gained mutation: Armour fits poorly on your large
                  | pseudopods. [Jiyva's grace]
  3307 | D:5      | Gained mutation: Armour fits poorly on your massive
                  | pseudopods. [Jiyva's grace]
  3307 | D:5      | Gained mutation: A frigid envelope surrounds you and
                  | freezes all who hurt you. [Jiyva's grace]
  3359 | D:5      | Reached skill level 8 in Stealth
  3566 | D:5      | Found a runed translucent gate.
  3566 | D:5      | Found a runed translucent gate.
  3567 | D:5      | Found a runed translucent gate.
  3572 | D:5      | Reached skill level 5 in Short Blades
  3573 | D:5      | Noticed 112233's ghost (amateur FeDe)
  3606 | D:5      | Killed 112233's ghost
  4182 | D:6      | Reached ****** piety under Jiyva
  4195 | D:6      | Reached skill level 9 in Stealth
  4280 | D:6      | Reached XP level 9. HP: 44/44 MP: 19/19
  4528 | D:7      | Noticed Maurice
  4533 | D:7      | Killed Maurice
  4845 | D:7      | Noticed Menkaure
  4854 | D:7      | Killed Menkaure
  4887 | D:7      | Reached skill level 10 in Stealth
  4908 | D:7      | Noticed Maggie
  4919 | D:7      | Killed Maggie
  5059 | D:7      | Found a staircase to the Ecumenical Temple.
  5155 | D:7      | Found a shadowy altar of Dithmenos.
  5155 | D:7      | Found a shimmering blue altar of Sif Muna.
  5523 | D:8      | Lost mutation: Your body has grown many eyes which may
                  | confuse attackers. (Acc +5) [Jiyva's grace]
  5523 | D:8      | Lost mutation: Your body has grown eyes which may confuse
                  | attackers. (Acc +3) [Jiyva's grace]
  5523 | D:8      | Lost mutation: Armour fits poorly on your massive
                  | pseudopods. [Jiyva's grace]
  5523 | D:8      | Lost mutation: Your melee attacks may engulf your foes in
                  | ooze. [Jiyva's grace]
  5523 | D:8      | Gained mutation: You are covered in fur. (AC +1) [Jiyva's
                  | grace]
  5523 | D:8      | Gained mutation: You are covered in thick fur. (AC +2)
                  | [Jiyva's grace]
  5523 | D:8      | Gained mutation: Your thick and shaggy fur keeps you warm.
                  | (AC +3, rC+) [Jiyva's grace]
  5523 | D:8      | Gained mutation: You have large cloven feet. [Jiyva's
                  | grace]
  5527 | D:8      | Noticed Joseph
  5538 | D:8      | Killed Joseph
  5558 | D:8      | Noticed Jeremiah
  5561 | D:8      | Reached XP level 10. HP: 39/51 MP: 21/21
  5576 | D:8      | Killed Jeremiah
  5752 | D:8      | Found a staircase to the Lair.
  5789 | D:8      | Found a broken altar of Ashenzari.
  5841 | D:8      | Found a stormy altar of Qazlal.
  5841 | D:8      | Noticed Erica
  5859 | D:8      | Killed Erica
  5860 | D:8      | Reached skill level 11 in Stealth
  5880 | D:8      | Noticed Psyche
  5895 | D:8      | Killed Psyche
  5906 | D:8      | Lost mutation: You have large cloven feet. [potion of
                  | mutation]
  5906 | D:8      | Lost mutation: Your thick and shaggy fur keeps you warm.
                  | (AC +3, rC+) [potion of mutation]
  5906 | D:8      | Gained mutation: Your spells are a little harder to cast,
                  | but a little more powerful. [potion of mutation]
  5906 | D:8      | Gained mutation: You expend magic power (3 MP) to
                  | strengthen your wands. [potion of mutation]
  5918 | D:8      | Noticed Grum
  5936 | D:8      | Killed Grum
  6124 | Lair:1   | Entered Level 1 of the Lair of Beasts
  6124 | Lair:1   | Noticed a cane toad
  6145 | Lair:1   | Killed a cane toad
  6167 | Lair:1   | Noticed a cane toad
  6209 | Lair:1   | Killed a cane toad
  6210 | Lair:1   | Reached skill level 12 in Stealth
  6235 | Lair:1   | Noticed a cane toad
  6244 | Lair:1   | Killed a cane toad
  6395 | Lair:1   | Noticed a skyshark
  6395 | Lair:1   | Noticed a black mamba
  6399 | Lair:1   | Killed a skyshark
  6400 | Lair:1   | Reached skill level 10 in Dodging
  6400 | Lair:1   | Reached XP level 11. HP: 54/54 MP: 24/24
  6747 | Lair:2   | Noticed Harold
  6816 | Lair:2   | Killed Harold
  6817 | Lair:2   | Reached skill level 13 in Stealth
  6899 | Lair:2   | Reached skill level 10 in Hexes
  6942 | Lair:2   | Found a staircase to the Shoals.
  7079 | Lair:2   | Reached skill level 10 in Spellcasting
  7145 | Lair:2   | Lost mutation: Your spells are a little harder to cast, but
                  | a little more powerful. [Jiyva's grace]
  7145 | Lair:2   | Gained mutation: You passively map a small area around you.
                  | [Jiyva's grace]
  7145 | Lair:2   | Gained mutation: You passively map the area around you.
                  | [Jiyva's grace]
  7145 | Lair:2   | Gained mutation: You passively map a large area around you.
                  | [Jiyva's grace]
  7145 | Lair:2   | Gained mutation: Your spells are a little harder to cast,
                  | but a little more powerful. [Jiyva's grace]
  7540 | Lair:2   | Reached XP level 12. HP: 58/58 MP: 27/27
  7689 | Lair:2   | Reached skill level 14 in Stealth
  8053 | Lair:3   | Found a hole to the Spider Nest.
  8535 | Lair:4   | Reached skill level 5 in Fighting
  8555 | Lair:4   | Noticed a four-headed hydra
  8578 | Lair:4   | Killed a four-headed hydra
  8579 | Lair:4   | Reached skill level 10 in Short Blades
  8675 | Lair:4   | Noticed a death yak
  8675 | Lair:4   | Noticed a death yak
  8676 | Lair:4   | Noticed a death yak
  8679 | Lair:4   | Killed a death yak
  8727 | Lair:4   | Killed a death yak
  8730 | Lair:4   | Killed a death yak
  8844 | Lair:4   | Reached skill level 15 in Stealth
  9064 | Lair:4   | Reached XP level 13. HP: 49/65 MP: 27/29
  9463 | Lair:5   | Entered Level 5 of the Lair of Beasts
  9463 | Lair:5   | Found a viscous altar of Jiyva.
  9464 | Lair:5   | Found a staircase to the Slime Pits.
  9543 | Lair:5   | Lost mutation: A frigid envelope surrounds you and freezes
                  | all who hurt you. [Jiyva's grace]
  9543 | Lair:5   | Lost mutation: You passively map a large area around you.
                  | [Jiyva's grace]
  9543 | Lair:5   | Lost mutation: You are covered in thick fur. (AC +2)
                  | [Jiyva's grace]
  9543 | Lair:5   | Lost mutation: Armour fits poorly on your large pseudopods.
                  | [Jiyva's grace]
  9543 | Lair:5   | Gained mutation: You have a small jelly attached to you
                  | that senses nearby items. [Jiyva's grace]
  9543 | Lair:5   | Gained mutation: Your translucent skin slightly reduces
                  | your foes' accuracy. (Stealth+) [Jiyva's grace]
  9543 | Lair:5   | Gained mutation: Your translucent skin reduces your foes'
                  | accuracy. (Stealth+) [Jiyva's grace]
  9543 | Lair:5   | Gained mutation: Your transparent skin significantly
                  | reduces your foes' accuracy. (Stealth+) [Jiyva's grace]
  9544 | Lair:5   | Upgraded the game from 0.31.0-7-gf635a9b802 to
                  | 0.31.0-10-gcf4a605ca0
  9869 | Lair:5   | Reached skill level 5 in Evocations
 10046 | Lair:5   | Found a frozen archway.
 10159 | Lair:5   | Slain by a five-headed hydra

Illustrated notes

Levels and vault maps discovered:
D:1:      saegor_arrival_simple_d, layout_rooms, ebering_ecumenical_altar_mist
D:2:      layout_loops_ring, minmay_pentomino_v2, uniq_terence, uniq_robin
D:3:      gammafunk_wand_slinger, layout_basic, mainiacjoe_overflow_alcove_2
D:4:      layout_gridville, serial_shops, nicolae_shop_overgrown_old_shop
D:5:      layout_loops_ring, gammafunk_ghost_necromancy,
          chequers_serial_rivers_large_a, minmay_misc_feat_five, uniq_pikel
D:6:      layout_rooms, serial_bayou, serial_bayou_lake_a, serial_bayou_pond_c,
          serial_bayou_lagoon_b, serial_bayou_crossing,
          chequers_serial_rivers_micro_b
D:7:      layout_loops_ring, gammafunk_temple_overflow_elements,
          minmay_temple_entry_butterflies, serial_rivers,
          chequers_serial_rivers_micro_b, chequers_serial_rivers_micro_e,
          chequers_serial_rivers_micro_a, chequers_serial_rivers_marsh,
          chequers_serial_rivers_large_b, grunt_ogre_cave, uniq_menkaure,
          uniq_maggie, uniq_maurice
D:8:      layout_cave_pools, kennysheep_little_box, lemuel_tele_altar,
          lair_entry_dummy, serial_glass, glass_columns_a, glass_columns_a,
          uniq_jeremiah, uniq_psyche, uniq_joseph, uniq_erica, uniq_grum
Lair:1:   wander_river, layout_big_grid, grunt_megastairs_5
Lair:2:   layout_big_grid, elwin_shoals_entry_rocks, beast_lair_carwin_8,
          serial_bayou_shore_a, infiniplex_staircase_pool_2, uniq_harold
Lair:3:   layout_layer_cave, spider_nest_entry_a, minivault_11,
          serial_bayou_shore_b, grunt_megastairs_4, lemuel_fruit_tree
Lair:4:   layout_loops_ring
Lair:5:   cheibrodos_lair_end_hotspot, layout_regular_city,
          minmay_slime_entry_oklob_open, portal_ice_cave_entry_imps,
          minivault_26

Skill      XL: |  1  2  3  4  5  6  7  8  9 10 11 12 13 |
---------------+----------------------------------------+-----
Dodging        | 3 4 5 6 7 8 10 11 12 13 | 13.3
Stealth        | 5 6 7 9 10 12 13 15 | 15.9
Short Blades   | 2 3 4 5 6 8 9 10 11 | 11.1
Spellcasting   | 3 4 6 7 8 10 11 | 11.9
Hexes          | 4 5 6 7 9 10 11 12 | 12.1
Fighting       | 2 3 4 5 6 |  6.0
Evocations     | 5 |  5.6

Action                     |  1- 3 |  4- 6 |  7- 9 | 10-12 | 13-15 || total
---------------------------+-------+-------+-------+-------+-------++-------
  Melee: Dagger            |    36 |    94 |    52 |   263 |   115 ||   560
         Punch             |       |     1 |     1 |     3 |     2 ||     7
         Quick blade       |       |       |    76 |       |       ||    76
         Pseudopods        |       |       |    34 |    39 |    20 ||    93
         Kick              |       |       |     2 |    20 |       ||    22
  Throw: Stone             |     1 |       |       |       |       ||     1
   Cast: Ensorcelled Hiber |     7 |    40 |    42 |   142 |    63 ||   294
         Tukima's Dance    |       |       |     3 |       |       ||     3
         Confusing Touch   |       |       |     5 |     4 |     6 ||    15
         Dazzling Flash    |       |       |       |     1 |       ||     1
    Use: Scroll            |       |       |     5 |     1 |       ||     6
         Potion            |       |       |     2 |     3 |       ||     5
   Stab: Sleeping          |     9 |    29 |    29 |    85 |    38 ||   190
         Distracted        |     2 |       |     1 |     2 |       ||     5
         Confused          |       |     3 |     8 |     4 |     5 ||    20
 Armour: Robe              |    16 |    23 |    23 |       |       ||    62
         Skin              |       |       |     4 |    17 |       ||    21
         Acid dragon scale |       |       |       |   121 |    80 ||   201
  Dodge: Dodged            |    32 |    56 |    68 |   227 |   103 ||   486
